 Dungeon Crawl Stone Soup version 0.20.1-1-g8b1a95d (webtiles) character file.

114 Gremour the Chiller (level 4, -2/33 HPs)
             Began as a Draconian Ice Elementalist on Sept 13, 2017.
             Slain by Grinder (4 damage)
             ... on level 3 of the Dungeon.
             The game lasted 00:22:30 (3061 turns).

Gremour the Chiller (Draconian Ice Elementalist)    Turns: 3061, Time: 00:22:31

Health: -2/33      AC:  6    Str: 10    XL:     4   Next: 67%
Magic:  3/7        EV: 21    Int: 16    God:
Gold:   139        SH:  0    Dex: 17    Spells: 2/8 levels left

rFire    . . .     SeeInvis .   b - +4 quarterstaff (chaos)
rCold    . . .     Gourm    .   (shield currently unavailable)
rNeg     . . .     Faith    .   (armour unavailable)
rPois    .         Spirit   .   (helmet restricted)
rElec    .         Reflect  .   p - +0 cloak
rCorr    .         Harm     .   (no gloves)
MR       .....                  (no boots)
Stlth    +++.......             (no amulet)
Regen    0.2/turn               j - +3 ring of evasion
MPRegen  0.1/turn               (no ring)

@: agile
A: unfitting armour, cold-blooded, AC +5
a: no special abilities


You were on level 3 of the Dungeon.
You were not hungry.

You visited 1 branch of the dungeon, and saw 3 of its levels.

You collected 139 gold pieces.

Inventory:

Hand Weapons
 a - a +0 short sword
 b - a +4 quarterstaff of chaos (weapon)
 n - a +0 hand axe of chopping
Armour
 p - a +0 cloak (worn)
Jewellery
 j - a +3 ring of evasion (left hand)
Scrolls
 g - a scroll of immolation {unknown}
 h - a scroll of enchant weapon {unknown}
 k - a scroll of amnesia {unknown}
 l - a scroll of remove curse
 m - a scroll of teleportation {unknown}
 r - a scroll of fog {unknown}
Books
 c - a book of Frost

   Spells                             Type                      Level
   a - Freeze                         Ice                          1
   b - Throw Frost                    Conjuration/Ice              2
   c - Ozocubu's Armour               Charms/Ice                   3
   d - Throw Icicle                   Conjuration/Ice              4
   e - Summon Ice Beast               Ice/Summoning                4
Comestibles
 d - a royal jelly
 o - 2 bread rations


   Skills:
 * Level 0.2 Fighting
 - Level 1.8 Short Blades
 + Level 2.2 Dodging
 * Level 2.5 Stealth
 * Level 0.2 Unarmed Combat
 + Level 2.5 Spellcasting
 + Level 1.0 Conjurations
 + Level 0.1 Charms
 + Level 3.8 Ice Magic


You had 2 spell levels left.
You knew the following spells:

 Your Spells              Type           Power        Failure   Level  Hunger
a - Throw Frost           Conj/Ice       #.....       11%         2    ##.....
d - Ozocubu's Armour      Chrm/Ice       #.......     26%         3    ###....
z - Freeze                Ice            ##..         4%          1    #......


Dungeon Overview and Level Annotations

Branches:
Dungeon (3/15)

Altars:

Annotations:
D:3 Grinder


Innate Abilities, Weirdness & Mutations

Your plain brown scales are hard. (AC +5)
You cannot fit into any form of body armour.
You are cold-blooded and may be slowed by cold attacks.


Message History

Aiming: Freeze
Press: ? - help, Shift-Dir - straight line, f/p - Grinder
Aim: Grinder (moderately wounded)
You freeze Grinder.
Grinder completely resists.
Grinder is moderately wounded.
Grinder barely misses you. Grinder gestures at you.
You barely resist.
As you read the scroll labeled UVOINOGI EWIC, it crumbles to dust.
You feel as if something is helping you.
It was a scroll of remove curse.
Grinder hits you but does no damage.
As you read the scroll labeled HUISA HEOBB, it crumbles to dust.
It is a scroll of identify.
f - a scroll of fear Grinder completely misses you.
As you read the scroll of fear, it crumbles to dust.
You assume a fearsome visage.
Grinder is unaffected.
Grinder hits you.
* * * LOW HITPOINT WARNING * * *
You writhe in agony.
You die...

.....#####.###.###..#
................##..#
.....#####..##..##..#
#'#'##.......%......#
.....#..........##.##
#.#.........#.......#
........>........#..#
#.##..##.#..#.#..# .#
#.##............@# ##.
...#.###.#.####5.#
....
.................#..##
#.........†..........#
...#.###..##..#......#
..........#......##.##
.......#..#......# .#
..........#...#..# #
........#.#...#....


You could see Grinder.

Vanquished Creatures
  Crazy Yiuf (D:3)
  3 adders (D:2)
  3 leopard geckos
  2 ball pythons
  2 giant cockroaches
  7 goblins
  8 hobgoblins
  7 jackals (D:2)
  3 bats
  A frilled lizard (D:2)
  9 kobolds
  5 rats
51 creatures vanquished.

Notes
Turn   | Place    | Note
-------+----------+-------------------------------------------
     0 | D:1      | Gremour the Draconian Ice Elementalist began the quest for the Orb.
     0 | D:1      | Reached XP level 1. HP: 14/14 MP: 3/3
   367 | D:1      | Reached XP level 2. HP: 19/20 MP: 3/5
  1244 | D:2      | Reached XP level 3. HP: 13/26 MP: 3/6
  1626 | D:2      | Learned a level 3 spell: Ozocubu's Armour
  1819 | D:2      | Reached skill level 1 in Short Blades
  2042 | D:2      | Reached XP level 4. HP: 30/33 MP: 5/7
  2263 | D:3      | Learned a level 2 spell: Throw Frost
  2779 | D:3      | Found a runed door.
  2783 | D:3      | Noticed Crazy Yiuf
  2792 | D:3      | Killed Crazy Yiuf
  3006 | D:3      | Noticed Grinder
  3051 | D:3      | Paralysed by Grinder for 3 turns
  3061 | D:3      | Slain by Grinder

Skill      XL: |  1  2  3 |
---------------+----------+-----
Dodging        | 2 |  2.2
Stealth        | 2 |  2.5
Short Blades   | 1 |  1.8
Fighting       | |  0.2
Unarmed Combat | |  0.2
Spellcasting   | |  2.5
Conjurations   | |  1.0
Charms         | |  0.1
Ice Magic      | |  3.8

Action                   |  1- 3 |  4- 6 || total
-------------------------+-------+-------++-------
Melee: Short sword       |    81 |    17 ||    98
       Tailslap          |     9 |     1 ||    10
       Unarmed           |     1 |       ||     1
       Quarterstaff      |       |    16 ||    16
 Cast: Freeze            |    31 |    13 ||    44
       Ozocubu's Armour  |     2 |       ||     2
       Throw Frost       |       |    10 ||    10
  Use: Potion            |     2 |     2 ||     4
       Scroll            |       |     3 ||     3
 Stab: Sleeping          |     3 |     2 ||     5
  Eat: Chunk             |     4 |     4 ||     8
Armor: Skin              |    26 |    12 ||    38
Dodge: Dodged            |    70 |    38 ||   108
